 Dungeon Crawl Stone Soup version 0.32-a0-616-g9348d4545b (webtiles) character file.

Game seed: 14550230768814571375

360 growler the Charlatan (level 6, -2/49 HPs)
             Began as a Coglin Artificer on Mar 5, 2024.
             Slain by an iguana (12 damage)
             ... on level 5 of the Dungeon.
             The game lasted 00:14:17 (3730 turns).

growler the Charlatan (Coglin Artificer)            Turns: 3730, Time: 00:14:18

Health: -2/49      AC:  7    Str: 14    XL:     6   Next: 65%
Magic:  6/6        EV:  9    Int: 10    God:
Gold:   150        SH:  0    Dex: 15    Spells: 5/5 levels left

rFire   . . .        u - +3 dagger {Gyeongja}
rCold   . . .        f - +1 dagger {Cynebald}
rNeg    . . .        s - +0 scale mail
rPois   .            (no helmet)
rElec   .            (no cloak)
rCorr   .            (no gloves)
SInv    .            m - +0 pair of boots
Will    .....        (amulet unavailable) Stlth
                     (ring unavailable)
HPRegen 0.28/turn    (ring unavailable)
MPRegen 0.10/turn    (no gizmo)

%: no passive effects
@: revved
A: off-hand wielding, slow wielding, warmup strikes, no jewellery
a: Invent Gizmo


You were on level 5 of the Dungeon.
You visited 2 branches of the dungeon, and saw 8 of its levels.

You collected 150 gold pieces.

Inventory:

Hand Weapons
 a - a +0 club {Centenhua}
 f - a +1 dagger (offhand) {Cynebald}
 u - a +3 dagger (weapon) {Gyeongja}
Missiles
 r - 6 poisoned darts (quivered)
Armour
 b - a +0 leather armour
 m - a +0 pair of boots (worn)
 s - a +0 scale mail (worn)
Wands
 c - a wand of flame (14)
 d - a wand of charming (10)
 e - a wand of iceblast (3)
 o - a wand of warping (5)
Scrolls
 k - a scroll of enchant weapon
 n - a scroll of acquirement {unknown}
Potions
 g - a potion of lignification {unknown}
 h - 2 potions of resistance {unknown}
 j - a potion of enlightenment
 p - a potion of haste {unknown}
 q - a potion of cancellation
 t - a potion of might {unknown}


   Skills:
 + Level 4.6 Fighting
 - Level 1.7 Armour
 - Level 0.8 Dodging
 - Level 0.7 Stealth
 + Level 7.3 Evocations


You had 5 spell levels left.
You didn't know any spells.
Your spell library contained the following spells:

 Spells                   Type           Power      Damage    Failure   Level
 Shock                    Conj/Air       0%         1d3       85%         1
 Ozocubu's Armour         Ice            0%         N/A       99%         3
 Stone Arrow              Conj/Erth      0%         3d7       99%         3
 Swiftness                Air            0%         N/A       99%         3
 Airstrike                Air            0%         2d(0-16)  100%        4
 Animate Armour           Summ/Erth      0%         N/A       100%        4
 Metabolic Englaciation   Hex/Ice        0%         N/A       100%        5
 Sculpt Simulacrum        Ice/Alch       0%         N/A       100%        6
 Lehudib's Crystal Spear  Conj/Erth      0%         10d2      100%        8


Dungeon Overview and Level Annotations

Branches:
Dungeon (7/15)             Temple (1/1) D:5

Altars:
Dithmenos
Fedhas
Nemelex Xobeh
Okawaru
Ru
Sif Muna
Trog
Xom
Yredelemnul
Zin


Innate Abilities, Weirdness & Mutations

You can wield a second weapon in your off-hand.
It takes a long time for you to wield or remove held weapons.
Your first few attacks do less damage.
You cannot equip rings or amulets.


Message History

The iguana hisses angrily.
There is a stone staircase leading down here.
You see here a dark potion.
You hit the iguana with your +1 dagger.
The iguana is lightly wounded.
You hit the iguana but do no damage. The iguana bites you!
You hit the iguana but do no damage.
The iguana is lightly wounded.
You closely miss the iguana with your +3 dagger.
The iguana barely misses you.
You hit the iguana but do no damage.
The iguana is lightly wounded.
You hit the iguana but do no damage. The iguana bites you.
You barely miss the iguana with your +3 dagger.
The iguana is lightly wounded.
You hit the iguana but do no damage. The iguana bites you!
You hit the iguana with your +3 dagger.
The iguana is moderately wounded.
You hit the iguana with your +1 dagger. The iguana bites you!
You barely miss the iguana with your +3 dagger.
The iguana is heavily wounded.
You barely miss the iguana with your +1 dagger.
The iguana bites you!
* * * LOW HITPOINT WARNING * * *
You hit the iguana with your +3 dagger.
The iguana is severely wounded.
You hit the iguana with your +1 dagger. The iguana barely misses you.
You hit the iguana but do no damage.
The iguana is almost dead.
You barely miss the iguana with your +3 dagger.
The iguana barely misses you.
You hit the iguana but do no damage.
The iguana is almost dead.
You barely miss the iguana with your +3 dagger.
The iguana bites you but does no damage.
You hit the iguana with your +3 dagger.
The iguana is almost dead.
You barely miss the iguana with your +1 dagger.
The iguana bites you!
You die...

#.# #.# #.. #.# #..
#.# #l# ##### #@#
#.......
##!##........
#>..#.#.#....
#.............
#....#.#......
###.......#.#
##...#.⌠.#...###
#...#.......#...###
#.#...⌠.>.⌠...#....


You could see an iguana.

Vanquished Creatures
  A bombardier beetle (D:3)
  2 orc priests (D:4)
  2 orc wizards (D:3)
  Terence (D:3)
  2 adders (D:3)
  2 dart slugs
  A ribbon worm (D:3)
  10 orcs
  3 ball pythons
  4 endoplasms
  2 giant cockroaches (D:1)
  7 goblins
  5 hobgoblins
  4 jackals (D:3)
  3 quokkas
  5 bats
  6 frilled lizards
  8 kobolds
  4 rats
72 creatures vanquished.

Vanquished Creatures (collateral kills)
  2 wights (D:6)
  An orc (D:6)
  2 jackals (D:3)
5 creatures vanquished.

Vanquished Creatures (others)
  A sky beast (D:6)
  An orc wizard (D:3)
2 creatures vanquished.

Grand Total: 79 creatures vanquished

Notes
Turn   | Place    | Note
-------+----------+-------------------------------------------
     0 | D:1      | growler the Coglin Artificer began the quest for the Orb.
     0 | D:1      | Reached XP level 1. HP: 15/15 MP: 1/1
   229 | D:1      | Reached XP level 2. HP: 21/21 MP: 2/2
   495 | D:1      | Reached XP level 3. HP: 27/27 MP: 3/3
  1015 | D:2      | Found a faded altar of an unknown god.
  1129 | D:2      | Reached skill level 5 in Evocations
  1666 | D:3      | Noticed Terence
  1670 | D:3      | Killed Terence
  1671 | D:3      | Reached XP level 4. HP: 6/34 MP: 4/4
  2256 | D:3      | Reached skill level 6 in Evocations
  2256 | D:3      | Reached XP level 5. HP: 6/41 MP: 5/5
  3255 | D:4      | Found a glowing silver altar of Zin.
  3318 | D:4      | Reached XP level 6. HP: 16/48 MP: 6/6
  3433 | D:4      | You fall into a shaft and drop 3 floors!
  3451 | D:7      | Found a shimmering blue altar of Sif Muna.
  3452 | D:7      | Found a shadowy altar of Dithmenos.
  3459 | D:7      | Noticed a black bear
  3474 | D:7      | Noticed a steam dragon
  3507 | D:6      | Noticed an orc warrior
  3516 | D:6      | Found a sparkling altar of Nemelex Xobeh.
  3534 | D:6      | Noticed a sky beast
  3546 | D:6      | Reached skill level 7 in Evocations
  3556 | D:5      | Entered Level 5 of the Dungeon
  3558 | D:5      | Found a staircase to the Ecumenical Temple.
  3567 | Temple   | Entered the Ecumenical Temple
  3730 | D:5      | Slain by an iguana

Illustrated notes

Levels and vault maps discovered:
D:1:      sevenhm_arrival_forest_fort_small_1, layout_rooms
D:2:      layout_basic, hellmonk_ecumenical_altar_crossroads,
          hangedman_abyss_or_decor_stabs, palyth_stone_intersect
D:3:      layout_basic, minmay_goblin_kobold_house, uniq_terence
D:4:      layout_loops_ring, pdpol_temple_overflow_zin_treasury_gozag_greed,
          elyvilon_altar_3, lemuel_doored_altar, mainiacjoe_overflow_alcove_4,
          minmay_quantized, uniq_crazy_yiuf_cottage, uniq_blork_the_orc
D:5:      layout_loops_cross, minmay_temple_entry_sparse_star
D:6:      layout_rooms, mainiacjoe_overflow_paths,
          mainiacjoe_overflow_boulevard, enter_ossuary_1
D:7:      minmay_the_grid_octo_tiled_octocenter [minmay_the_grid_octo_checkered,
          minmay_the_grid_octo_horde, minmay_the_grid_octo_clover_2,
          minmay_the_grid_octo_fat_diamond,
          minmay_the_grid_octo_prize_square_snowflake,
          minmay_the_grid_square_5x5_hourglass,
          minmay_the_grid_square_5x5_checkered,
          minmay_the_grid_square_5x5_sharp_hourglass,
          minmay_the_grid_square_5x5_shuriken], layout_cave_pools,
          kennysheep_slug_shrine, chequers_temple_overflow_statue_of_worship,
          kiku_gazebo_garden_becter
Temple:   nicolae_temple_two_arcs

Skill      XL: |  1  2  3  4  5  6 |
---------------+-------------------+-----
Fighting       | 2 3 4 |  4.6
Evocations     | 5 6 7 |  7.3
Armour         | |  1.7
Dodging        | |  0.8
Stealth        | |  0.7

Action                     |  1- 3 |  4- 6 || total
---------------------------+-------+-------++-------
  Melee: Dagger            |    85 |   170 ||   255
         Club              |    87 |    98 ||   185
  Throw: Dart              |       |     5 ||     5
  Evoke: Wand              |     3 |     6 ||     9
    Use: Scroll            |     4 |     3 ||     7
         Potion            |       |     2 ||     2
   Stab: Sleeping          |       |     1 ||     1
 Armour: Leather armour    |    51 |    56 ||   107
         Scale mail        |       |    60 ||    60
  Dodge: Dodged            |    51 |    67 ||   118

Table legend: (Time is in decaauts)
 A = Elapsed time spent in this place.
 B = Non-inter-level travel time spent in this place.
 C = Inter-level travel time spent in this place.
 D = Time resting spent in this place.
 E = Time spent auto-exploring this place.
 F = Levels seen in this place.
 G = Mean time per level.
                   A        B        C        D        E       F      G
               +--------+--------+--------+--------+--------+-----+--------+
         Total |   3761 |   3633 |    128 |    520 |   2090 |   8 |  470.1 |
       Dungeon |   3620 |   3492 |    128 |    402 |   2090 |   7 |  517.1 |
        Temple |    141 |    141 |      0 |    118 |      0 |   1 |  141.0 |
               +--------+--------+--------+--------+--------+-----+--------+

Top non-repeatable levels by time:
     D:3: 1648 daAuts
     D:2: 848 daAuts
     D:1: 682 daAuts
     D:4: 285 daAuts
  Temple: 141 daAuts
     D:7: 73 daAuts
     D:6: 48 daAuts
     D:5: 32 daAuts
